 Dungeon Crawl Stone Soup version 0.26-a0-597-gb535b0901c (webtiles) character file.

Game seed: 1489416625253189439

1143 Cokeysmoke the Nimble (level 8, -1/67 HPs)
             Began as a Gnoll Wanderer on Sept 10, 2020.
             Was an Initiate of Gozag.
             Slain by a scorpion (5 damage)
             ... on level 5 of the Dungeon.
             The game lasted 00:16:16 (6156 turns).

Cokeysmoke the Nimble (Gnoll Wanderer)              Turns: 6156, Time: 00:16:17

Health: -1/67      AC:  9    Str: 12    XL:     8   Next: 37%
Magic:  12/12      EV: 19    Int: 15    God:    Gozag
Gold:   777        SH:  8    Dex: 19    Spells: 13/13 levels left

rFire    . . .     SeeInvis .   h - +0 war axe
rCold    . . .     Faith    .   d - +2 buckler
rNeg     . . .     Spirit   .   B - +3 leather armour
rPois    .         Reflect  .   l - +0 helmet
rElec    .         Harm     .   E - +0 cloak
rCorr    .                      (no gloves)
MR       .....                  D - +0 pair of boots
Stlth    +++.......             (no amulet)
HPRegen  0.21/turn              (no ring)
MPRegen  0.13/turn              (no ring)

@: no status effects
A: distributed training, fangs 1, strong nose
a: Potion Petition, Call Merchant, Bribe Branch, Renounce Religion


You were on level 5 of the Dungeon.
You worshipped Gozag.
Gozag was pleased with you.
You visited 1 branch of the dungeon, and saw 5 of its levels.

You collected 797 gold pieces.
You paid 20 gold pieces to Gozag.

Inventory:

Hand Weapons
 f - a +0 short sword
 h - a +0 war axe (weapon)
 w - a +0 great sword
Missiles
 b - 3 throwing nets (quivered)
 k - 120 arrows
 v - 25 bolts
Armour
 d - a +2 buckler (worn)
 l - a +0 helmet (worn)
 B - a +3 leather armour (worn)
 D - a +0 pair of boots (worn)
 E - a +0 cloak (worn)
Wands
 o - a wand of random effects (21)
 x - a wand of acid (11)
 y - a wand of polymorph (10)
 z - a wand of flame (11)
Scrolls
 a - a scroll of fog
 i - 2 scrolls of teleportation
 j - a scroll of fear
 n - a scroll of blinking {unknown}
 p - a scroll of immolation {unknown}
 s - a scroll of amnesia
 u - 4 scrolls of remove curse
Potions
 m - a potion of stabbing {unknown}
 q - 2 potions of cancellation
 r - 2 potions of might {unknown}
 t - a potion of lignification {unknown}
 A - a potion of degeneration {unknown}
 C - a potion of mutation {unknown}


   Skills:
 + Level 7.3 Fighting
 + Level 3.2 Short Blades
 + Level 3.2 Long Blades
 + Level 3.2 Axes
 + Level 3.2 Maces & Flails
 + Level 3.2 Polearms
 + Level 3.2 Staves
 + Level 3.2 Slings
 + Level 3.2 Bows
 + Level 3.2 Crossbows
 + Level 3.2 Throwing
 + Level 3.2 Armour
 + Level 9.1 Dodging
 + Level 5.3 Stealth
 + Level 4.1 Shields
 + Level 3.2 Unarmed Combat
 + Level 3.2 Spellcasting
 + Level 2.6 Conjurations
 + Level 2.6 Hexes
 + Level 2.6 Summonings
 + Level 2.6 Necromancy
 + Level 2.6 Translocations
 + Level 2.6 Transmutations
 + Level 2.6 Fire Magic
 + Level 2.6 Ice Magic
 + Level 2.6 Air Magic
 + Level 2.6 Earth Magic
 + Level 2.6 Poison Magic
 + Level 3.5 Invocations
 + Level 3.2 Evocations


You had 13 spell levels left.
You didn't know any spells.
Your spell library was empty.

Dungeon Overview and Level Annotations

Branches:
Dungeon (5/15)             Temple (0/1) D:4

Altars:
Fedhas
Gozag
Uskayaw
Vehumet
Wu Jian
Xom

Annotations:
D:2 Natasha
D:5 Menkaure


Innate Abilities, Weirdness & Mutations

Your experience applies equally to all skills.
You have very sharp teeth.
Your uncanny sense of smell can sniff out nearby items.


Message History

You struggle to resist.
The scorpion stings you.
* * * LOW HITPOINT WARNING * * *
It was a potion of heal wounds.
You feel much better.
Menkaure calls on the powers of darkness!
The scorpion convulses!
Your body is wracked with pain!
* * * LOW HITPOINT WARNING * * *
You block the scorpion's attack.
Menkaure murmurs, "It doesn't hurt if you pull your brain out of your nose yourself."
Menkaure hits you.
* * * LOW HITPOINT WARNING * * *
You barely miss the scorpion.
You bite the scorpion, but do no damage.
The scorpion is almost dead.
You barely miss Menkaure.
Menkaure calls on the powers of darkness!
Your body is wracked with pain!
* * * LOW HITPOINT WARNING * * *
The scorpion stings you.
You die...
Your body crumbles into a pile of gold.

#.###### #.# ##.# ####
#..## ##...#
#######...## #....#
##..........####..>.##
.............##......#
...........#.........#
...<......####..@....#
..........# ##.Ms...#
....(.....# #.......#
..........# #.......#
....#####.# #.......#
...## #.## ##......#
...# #..####......#
...## ##..........##
##..# #.####...###


You could see Menkaure (fast) and a scorpion.

Vanquished Creatures
  Prince Ribbit (D:5)
  An ice beast (D:3)
  A sky beast (D:3)
  A phantom (D:5)
  An ogre (D:4)
  A centaur (D:5)
  2 howler monkeys
  An orc priest (D:4)
  4 orc wizards
  Ijyb (D:3)
  Terence (D:2)
  A worker ant (D:4)
  Natasha (twice) (D:2)
  3 gnolls (D:4)
  5 adders
  3 oozes
  3 worms
  3 dart slugs
  3 leopard geckos
  9 orcs
  8 bats
  7 giant cockroaches
  7 hobgoblins
  12 jackals
  2 quokkas (D:2)
  A ball python (D:4)
  4 frilled lizards
  6 goblins
  5 kobolds
  A leopard gecko skeleton (D:4)
  9 rats
109 creatures vanquished.

Vanquished Creatures (others)
  A kobold (D:2)
  A bat (D:2)
2 creatures vanquished.

Grand Total: 111 creatures vanquished

Notes
Turn   | Place    | Note
-------+----------+-------------------------------------------
     0 | D:1      | Cokeysmoke the Gnoll Wanderer began the quest for the Orb.
     0 | D:1      | Cokeysmoke set off with the following items: a +0 dagger, 2
                  | throwing nets, a potion of curing, a +0 buckler, a +0
                  | leather armour
     0 | D:1      | Reached XP level 1. HP: 23/23 MP: 1/1
   179 | D:1      | Reached XP level 2. HP: 28/29 MP: 2/2
   370 | D:1      | Found a shimmering altar of Xom.
   403 | D:1      | Reached XP level 3. HP: 29/35 MP: 3/3
   829 | D:2      | Noticed Natasha
   838 | D:2      | Killed Natasha
   838 | D:2      | Reached skill level 1 in Short Blades
   838 | D:2      | Reached skill level 1 in Long Blades
   838 | D:2      | Reached skill level 1 in Axes
   838 | D:2      | Reached skill level 1 in Maces & Flails
   838 | D:2      | Reached skill level 1 in Polearms
   838 | D:2      | Reached skill level 1 in Staves
   838 | D:2      | Reached skill level 1 in Slings
   838 | D:2      | Reached skill level 1 in Bows
   838 | D:2      | Reached skill level 1 in Crossbows
   838 | D:2      | Reached skill level 1 in Throwing
   838 | D:2      | Reached skill level 1 in Armour
   838 | D:2      | Reached skill level 1 in Unarmed Combat
   838 | D:2      | Reached skill level 1 in Spellcasting
   838 | D:2      | Reached skill level 1 in Invocations
   838 | D:2      | Reached skill level 1 in Evocations
   988 | D:2      | Found an opulent altar of Gozag.
   994 | D:2      | Became a worshipper of Gozag Ym Sagoz the Greedy
  1013 | D:2      | Reached XP level 4. HP: 41/41 MP: 5/5
  1282 | D:2      | Noticed Natasha
  1306 | D:2      | Killed Natasha
  1606 | D:2      | Noticed Natasha
  1670 | D:2      | Reached skill level 1 in Conjurations
  1670 | D:2      | Reached skill level 1 in Hexes
  1670 | D:2      | Reached skill level 1 in Summonings
  1670 | D:2      | Reached skill level 1 in Necromancy
  1670 | D:2      | Reached skill level 1 in Translocations
  1670 | D:2      | Reached skill level 1 in Transmutations
  1670 | D:2      | Reached skill level 1 in Fire Magic
  1670 | D:2      | Reached skill level 1 in Ice Magic
  1670 | D:2      | Reached skill level 1 in Air Magic
  1670 | D:2      | Reached skill level 1 in Earth Magic
  1670 | D:2      | Reached skill level 1 in Poison Magic
  1701 | D:2      | Found a faded altar of an unknown god.
  1891 | D:2      | Noticed Terence
  1911 | D:2      | Killed Terence
  1911 | D:2      | Reached XP level 5. HP: 44/47 MP: 5/7
  2662 | D:3      | Noticed a sky beast
  2689 | D:3      | Killed a sky beast
  2689 | D:3      | Reached XP level 6. HP: 53/53 MP: 8/8
  2908 | D:3      | Noticed Ijyb
  2924 | D:3      | Killed Ijyb
  3389 | D:3      | Noticed an ice beast
  3427 | D:3      | Killed an ice beast
  3427 | D:3      | Reached XP level 7. HP: 32/59 MP: 10/10
  3671 | D:3      | Found a hide-covered altar of Uskayaw.
  4642 | D:4      | Found an ornate altar of the Wu Jian Council.
  4651 | D:4      | Reached skill level 9 in Dodging
  4651 | D:4      | Reached skill level 5 in Stealth
  4813 | D:4      | Found a staircase to the Ecumenical Temple.
  5267 | D:5      | Entered Level 5 of the Dungeon
  5322 | D:5      | Reached XP level 8. HP: 62/67 MP: 12/12
  5399 | D:5      | Found a blossoming altar of Fedhas.
  5484 | D:5      | Noticed Prince Ribbit
  5503 | D:5      | Killed Prince Ribbit
  6016 | D:5      | Found a radiant altar of Vehumet.
  6135 | D:5      | Noticed Menkaure
  6153 | D:5      | HP: 2/67 [Menkaure (16)]
  6156 | D:5      | Slain by a scorpion

Illustrated notes

Levels and vault maps discovered:
D:1:      dpeg_arrival_pits, layout_rooms, st_stairs_13, xom_teletrap_fun
D:2:      layout_basic, grunt_gozag_statues, chequers_ecumenical_altar_grove,
          uniq_natasha, uniq_terence
D:3:      layout_basic, lemuel_round_altar, uniq_ijyb
D:4:      layout_cave_pools, overflow_temple_1_default, minmay_temple_entry_tees
D:5:      layout_cave_pods, lemuel_doored_altar, nicolae_overflow_crystal_walls,
          uniq_menkaure, uniq_prince_ribbit1

Skill      XL: |  1  2  3  4  5  6  7  8 |
---------------+-------------------------+-----
Short Blades   | 1 2 3 |  3.2
Long Blades    | 1 2 3 |  3.2
Axes           | 1 2 3 |  3.2
Maces & Flails | 1 2 3 |  3.2
Polearms       | 1 2 3 |  3.2
Staves         | 1 2 3 |  3.2
Slings         | 1 2 3 |  3.2
Bows           | 1 2 3 |  3.2
Crossbows      | 1 2 3 |  3.2
Throwing       | 1 2 3 |  3.2
Armour         | 1 2 3 |  3.2
Unarmed Combat | 1 2 3 |  3.2
Spellcasting   | 1 2 3 |  3.2
Invocations    | 1 2 3 |  3.5
Evocations     | 1 2 3 |  3.2
Conjurations   | 1 2 |  2.6
Hexes          | 1 2 |  2.6
Summonings     | 1 2 |  2.6
Necromancy     | 1 2 |  2.6
Translocations | 1 2 |  2.6
Transmutations | 1 2 |  2.6
Fire Magic     | 1 2 |  2.6
Ice Magic      | 1 2 |  2.6
Air Magic      | 1 2 |  2.6
Earth Magic    | 1 2 |  2.6
Poison Magic   | 1 2 |  2.6
Shields        | 3 4 |  4.1
Fighting       | 7 |  7.3
Dodging        | 9 |  9.1
Stealth        | 5 |  5.3

Action                   |  1- 3 |  4- 6 |  7- 9 || total
-------------------------+-------+-------+-------++-------
Melee: Short sword       |   106 |    90 |       ||   196
       Bite              |     9 |    18 |    20 ||    47
       Trident           |       |   160 |   151 ||   311
       War axe           |       |       |    35 ||    35
Invok: Potion Petition   |       |     1 |       ||     1
Evoke: Wand              |       |       |     5 ||     5
  Use: Scroll            |       |       |     9 ||     9
       Potion            |       |       |     7 ||     7
 Stab: Sleeping          |     3 |     7 |     8 ||    18
       Invisible         |       |       |    11 ||    11
       Distracted        |       |       |     2 ||     2
Armor: Leather armour    |    20 |    43 |    28 ||    91
Dodge: Dodged            |   105 |   207 |   184 ||   496
Block: Buckler           |    16 |    86 |    67 ||   169

Table legend: (Time is in decaauts)
 A = Elapsed time spent in this place.
 B = Non-inter-level travel time spent in this place.
 C = Inter-level travel time spent in this place.
 D = Time resting spent in this place.
 E = Time spent auto-exploring this place.
 F = Levels seen in this place.
 G = Mean time per level.
                   A        B        C        D        E       F      G
               +--------+--------+--------+--------+--------+-----+--------+
         Total |   6254 |   6133 |    121 |    905 |   3637 |   5 | 1250.8 |
       Dungeon |   6254 |   6133 |    121 |    905 |   3637 |   5 | 1250.8 |
               +--------+--------+--------+--------+--------+-----+--------+

Top non-repeatable levels by time:
     D:3: 1942 daAuts
     D:2: 1749 daAuts
     D:4: 904 daAuts
     D:5: 903 daAuts
     D:1: 753 daAuts
